 Dungeon Crawl Stone Soup version 0.25.1-11-g244df3a29b (webtiles) character file.

Game seed: 10695668670573362862

260 BreadTh the Skirmisher (level 6, -10/67 HPs)
             Began as an Ogre Skald on Mar 6, 2022.
             Mangled by Sigmund
             ... wielding a +0 scythe
              (16 damage)
             ... on level 3 of the Dungeon.
             The game lasted 00:10:54 (4566 turns).

BreadTh the Skirmisher (Ogre Skald)                 Turns: 4566, Time: 00:10:54

Health: -10/67     AC:  3    Str: 18    XL:     6   Next: 17%
Magic:  9/9        EV: 10    Int: 14    God:
Gold:   253        SH:  5    Dex:  8    Spells: 8/9 levels left

rFire    . . .     SeeInvis .   h - +0 flail
rCold    . . .     Gourm    .   (no shield)
rNeg     . . .     Faith    .   b - +0 robe
rPois    .         Spirit   .   (helmet restricted)
rElec    .         Reflect  +   (no cloak)
rCorr    .         Harm     .   (gloves unavailable)
MR       .....                  (boots unavailable)
Stlth    +.........             i - amulet of reflection
HPRegen  0.21/turn              (no ring)
MPRegen  0.11/turn              (no ring)

@: no status effects
A: large, unfitting armour, tough skin 1
a: no special abilities


You were on level 3 of the Dungeon.
You were not hungry.

You visited 1 branch of the dungeon, and saw 3 of its levels.

You collected 253 gold pieces.

Inventory:

Hand Weapons
 a - a +0 mace
 h - a +0 flail (weapon)
 r - a +0 whip
Missiles
 o - 8 boomerangs
 q - 9 poisoned darts (quivered)
Armour
 b - a +0 robe (worn)
Jewellery
 i - an amulet of reflection (around neck)
Scrolls
 c - a scroll of random uselessness {unknown}
 g - 2 scrolls of fear {unknown}
 j - 2 scrolls of teleportation {unknown}
 k - a scroll of noise {unknown}
 l - 2 scrolls of identify {unknown}
 m - a scroll of blinking {unknown}
 n - 2 scrolls of immolation {unknown}
Potions
 e - a potion of invisibility {unknown}
 f - 2 potions of heal wounds {unknown}
 p - a potion of curing {unknown}
Comestibles
 d - 6 rations
 s - 4 chunks of flesh


   Skills:
 + Level 6.1 Fighting
 + Level 4.2 Maces & Flails
 - Level 2.1 Dodging
 - Level 2.4 Spellcasting
 - Level 2.6 Charms


You had 8 spell levels left.
You knew the following spells:

 Your Spells              Type           Power        Failure   Level  Hunger
a - Infusion              Chrm           #...         8%          1    #......

Your spell library contained the following spells:

 Spells                   Type           Power        Failure   Level  Hunger
 Song of Slaying          Chrm           #.......     12%         2    ###....
 Shroud of Golubria       Chrm/Tloc      #.....       21%         2    ###....
 Ozocubu's Armour         Chrm/Ice       #.......     36%         3    ###....
 Spectral Weapon          Hex/Chrm       #.......     36%         3    ###....


Dungeon Overview and Level Annotations

Branches:
Dungeon (3/15)

Altars:
Hepliaklqana
Ru
Uskayaw
Vehumet

Annotations:
D:3 Sigmund


Innate Abilities, Weirdness & Mutations

You are too large for most types of armour.
You have tough skin. (AC +1)


Message History

You are more confused.
Sigmund hits you with a +0 scythe.
You barely miss Sigmund.
Sigmund is almost dead.
You're too confused to move!
Sigmund gestures at you while chanting. The magic dart hits you!
* * * LOW HITPOINT WARNING * * *
You closely miss Sigmund.
Sigmund is almost dead.
Sigmund gestures wildly while chanting.
Sigmund flickers and vanishes!
Deactivating autopickup; reactivate with Ctrl-A.
Something hits you!
* * * LOW HITPOINT WARNING * * *
You barely miss something. Something hits you.
* * * LOW HITPOINT WARNING * * *
You feel less confused. Something hits you!
You die...

#.# ########### ########## #.#
#.........# #........# #.#
#.#######.# #.######.#####.#
#.# #.# #.# #.##....#
###.##### #.# #.######.#.###.#
#.......###.# #.##.......#
#[###.#.#.....#.#
#.##.###.#.###..((...#.###.#.#
#.##.# #.##.<@...#.#^..# #...#
#.##.###@####..{######.###.###
#....@...# ##.## #.....#
####.##### #)# #####.# #.# #.#
#.# #@# ##'## ###.### ####.#
##...## #.....# #....#
##.....## #.#.#.# #.##.##
##.......## ##.#.#.#


There were no monsters in sight!

Vanquished Creatures
  A centaur (D:3)
  Jessica (D:3)
  Terence (D:3)
  An iguana (D:3)
  6 adders
  An ooze (D:3)
  4 leopard geckos
  3 orcs (D:3)
  3 giant cockroaches
  7 goblins
  A hobgoblin (D:2)
  5 kobolds
  A quokka (D:3)
  3 bats
  4 frilled lizards
  4 rats
46 creatures vanquished.

Notes
Turn   | Place    | Note
-------+----------+-------------------------------------------
     0 | D:1      | BreadTh the Ogre Skald began the quest for the Orb.
     0 | D:1      | Reached XP level 1. HP: 22/22 MP: 3/3
   171 | D:1      | Reached skill level 3 in Fighting
   372 | D:1      | Reached XP level 2. HP: 23/31 MP: 5/5
  1248 | D:2      | Found a sacrificial altar of Ru.
  1287 | D:2      | Reached XP level 3. HP: 27/39 MP: 6/6
  1467 | D:2      | Found a radiant altar of Vehumet.
  1467 | D:2      | Found a hide-covered altar of Uskayaw.
  1468 | D:2      | Found a hazy altar of Hepliaklqana.
  1614 | D:2      | Reached skill level 4 in Fighting
  2241 | D:3      | Reached XP level 4. HP: 18/49 MP: 7/7
  2443 | D:3      | Noticed Terence
  2571 | D:3      | HP: 3/73 [poisoned by an adder]
  2576 | D:3      | HP: 3/73 [poisoned by an adder]
  3331 | D:3      | Noticed Sigmund
  3958 | D:3      | Killed Terence
  3958 | D:3      | Reached skill level 5 in Fighting
  3958 | D:3      | Reached XP level 5. HP: 52/57 MP: 8/8
  4050 | D:3      | Noticed a centaur
  4059 | D:3      | Killed a centaur
  4200 | D:3      | Noticed Jessica
  4221 | D:3      | Killed Jessica
  4221 | D:3      | Reached skill level 6 in Fighting
  4221 | D:3      | Reached XP level 6. HP: 58/67 MP: 9/9
  4566 | D:3      | Mangled by Sigmund

Illustrated notes

Levels and vault maps discovered:
D:1:      minmay_arrival_nine_rooms, layout_basic
D:2:      layout_basic, gammafunk_temple_overflow_claw, serial_bayou,
          serial_bayou_lagoon_b, serial_bayou_lagoon_a, serial_bayou_pond_b,
          serial_bayou_shore_b, first_ration, nicolae_ru_sacrificial_ziggurat
D:3:      layout_loops_corners, uniq_jessica, uniq_terence, uniq_sigmund

Skill      XL: |  1  2  3  4  5 |
---------------+----------------+-----
Fighting       | 3 4 5 6 |  6.1
Maces & Flails | 2 3 4 |  4.2
Dodging        | |  2.1
Spellcasting   | |  2.4
Charms         | |  2.6

Action                   |  1- 3 |  4- 6 || total
-------------------------+-------+-------++-------
Melee: Mace              |   106 |    35 ||   141
       Flail             |       |    93 ||    93
Throw: Boomerang         |     3 |       ||     3
       Dart              |       |     7 ||     7
  Use: Potion            |       |     2 ||     2
  Eat: Chunk             |     3 |     5 ||     8
       Ration            |       |     1 ||     1
Armor: Robe              |    25 |    27 ||    52
Dodge: Dodged            |    51 |    60 ||   111
Block: Other             |    16 |    33 ||    49
       Reflection        |       |     2 ||     2
